 Dungeon Crawl Stone Soup version bcrawl-1.39.1 (webtiles) character file.

Game seed: 17809188383155978639

7896305 Grijm the Warrior (level 23, -7/211 (215) HPs)
             Began as a Red Draconian Gladiator on Sept 16, 2023.
             Was the Champion of Jiyva.
             Hit by a large rock thrown by a stone giant (31 damage)
             ... on level 4 of the Depths.
             The game lasted 04:19:04 (63381 turns).

Grijm the Warrior (Red Draconian Gladiator)        Turns: 63381, Time: 04:19:05

HP:   -7/211 (215)  AC: 24    Str: 22    XL:     23   Next: 58%
MP:   46/46         EV: 20    Int: 12    God:    Jiyva [******]
Gold: 591           SH: 32    Dex: 13    Spells: 22/22 levels left

rFire    + + +     GDR:     25% a - +6 double sword (flame)
rCold    + . .     SeeInvis +   z - +2 large shield
rNeg     + + .     Gourm    .   (armour unavailable)
rPois    +         Faith    .   o - +2 hat {MR+}
rElec    +         Spirit   .   l - +1 cloak of Starlight {rElec rC+ EV+4 Stlth--}
rCorr    +         Reflect  +   K - +2 pair of gloves
MR       +++..                  m - +2 pair of boots {Fly}
Stlth    ..........             H - amulet "Xaicue" {Reflect +Fly rF+++ Str-5 SH+5 SInv}
HPRegen  0.45/turn              N - ring of Jyraiwaq {rPois rN+ MR+ MP+9 Int+4}
MPRegen  0.30/turn              T - ring of positive energy

@: flying, hasted, studying Long Blades, very quick
A: breathe fire, unfitting armour, fire resistance 1, acidic bite, eyeballs 1,
gelatinous body 1, pseudopods 1, translucent skin 2, cold-blooded, AC +11
}: 3/15 runes: barnacled, slimy, gossamer
a: Breathe Fire, Request Jelly, Evolve, Slimify, Cure Bad Mutation, Renounce
Religion, Stop Flying


You were on level 4 of the Depths.
You worshipped Jiyva.
Jiyva was exalted by your worship.
You were hungry.

You visited 11 branches of the dungeon, and saw 42 of its levels.

You collected 6096 gold pieces.
You spent 5505 gold pieces at shops.

Inventory:

Hand Weapons
 a - a +6 double sword of flaming (weapon)
 d - a +8 blowgun
 s - the +6 Scorpio {venom, beckon}
   (You found it on level 3 of the Elven Halls)

   It poisons the ammo it fires.
Missiles
 f - 3751 bolts
 j - 1277 poisoned tomahawks (quivered)
 x - 27 needles of frenzy {=f}
 C - 8 throwing nets {=f}
 F - 31 curare-tipped needles
 L - 58 needles of confusion
Armour
 l - the +1 cloak of Starlight (worn) {rElec rC+ EV+4 Stlth--}
   (You found it on level 5 of the Pits of Slime)

   It affects your evasion (+4).
   It protects you from cold.
   It insulates you from electricity.
   It makes you much less stealthy.
 m - a +2 pair of boots of flying (worn)
 o - a +2 hat of magic resistance (worn)
 z - a +2 large shield (worn)
 K - a +2 pair of gloves (worn)
Jewellery
 b - the ring of Finality {+Blink rElec Str-4 Stlth--}
   (You found it on level 3 of the Lair of Beasts)

   [ring of attention]

   It affects your strength (-4).
   It insulates you from electricity.
   It lets you blink.
   It makes you much less stealthy.
 H - the amulet "Xaicue" (around neck) {Reflect +Fly rF+++ Str-5 SH+5 SInv}
   (You found it on level 3 of the Shoals)

   [amulet of reflection]

   It shields you and reflects attacks.
   It affects your strength (-5).
   It renders you almost immune to fire.
   It lets you see invisible.
   It lets you fly.
   It affects your SH (+5).
 N - the ring of Jyraiwaq (left hand) {rPois rN+ MR+ MP+9 Int+4}
   (You took it off a greater mummy on level 2 of the Crypt)

   [ring of magical power]

   It affects your intelligence (+4).
   It protects you from poison.
   It protects you from negative energy.
   It affects your resistance to hostile enchantments.
   It affects your magic capacity (+9).
 R - the ring "Puussoc" {*Corrode MR+ Int+4 SInv}
   (You found it on level 5 of the Pits of Slime)

   [ring of see invisible]

   It affects your intelligence (+4).
   It affects your resistance to hostile enchantments.
   It lets you see invisible.
   It may corrode you when you take damage.
 T - a ring of positive energy (right hand)
Wands
 w - a wand of clouds (10)
 y - a wand of digging (11)
 B - a wand of paralysis (8)
 I - a wand of acid (28)
 J - a wand of charming (13)
 Y - a wand of iceblast (10)
Scrolls
 h - 3 scrolls of fog
 k - 4 scrolls of silence
 r - 10 scrolls of teleportation
 t - 10 scrolls of revelation
 O - 4 scrolls of blinking
 S - 2 scrolls of summoning
 Z - 3 scrolls of fear
Potions
 g - 7 potions of ambrosia
 u - 20 potions of curing
 v - 2 potions of cancellation
 A - 7 potions of haste
 D - 2 potions of resistance
 E - 4 potions of berserk rage
 G - 5 potions of flight
 M - 7 potions of mutation
 P - a potion of lignification
 Q - 3 potions of invisibility
 U - 2 potions of magic
 W - 3 potions of agility
 X - 9 potions of might
Miscellaneous
 c - a phial of floods
 i - a lightning rod (4/4)
 n - 4 phantom mirrors
 p - a sack of spiders
 q - a fan of gales (2/2)
 V - a lamp of fire
Comestibles
 e - 10 rations {!d}


   Skills:
 - Level 20.0 Fighting
   Level 9.8(14.0) Short Blades
 - Level 16.0(16.8) Long Blades
   Level 1.4(2.0) Slings
 + Level 13.0 Crossbows
 - Level 2.0(2.2) Throwing
 - Level 15.0 Dodging
 - Level 1.0 Stealth
 - Level 16.0 Shields
 - Level 20.0 Invocations
 - Level 15.0 Evocations


You had 22 spell levels left.
You didn't know any spells.
Your spell library contained the following spells:

 Spells                   Type           Power        Failure   Level  Hunger
 Throw Frost              Conj/Ice       #.....       99%         2    ####...
 Flame Tongue             Conj/Fire      #....        100%        1    None
 Freeze                   Ice            #.....       100%        1    None
 Magic Dart               Conj           #...         100%        1    None
 Sandblast                Erth           #.....       100%        1    None
 Static Discharge         Air            #.....       100%        1    None
 Sting                    Conj/Pois      #...         100%        1    None
 Summon Small Mammal      Summ           #...         100%        1    None
 Blink                    Tloc           N/A          100%        2    ####...
 Call Imp                 Summ           #.....       100%        2    ####...
 Corpse Rot               Necr           N/A          100%        2    ####...
 Ensorcelled Hibernation  Hex/Ice        #.....       100%        2    ####...
 Passwall                 Tmut/Erth      #.......     100%        2    ####...
 Shock                    Conj/Air       #......      100%        2    ####...
 Sublimation of Blood     Necr           #.........   100%        2    ####...
 Swiftness                Chrm/Air       #.......     100%        2    ####...
 Call Canine Familiar     Summ           #.......     100%        3    #####..
 Confuse                  Hex            #.......     100%        3    #####..
 Conjure Flame            Conj/Fire      #.......     100%        3    #####..
 Dazzling Orbs            Conj/Hex       #......      100%        3    #####..
 Ignite Poison            Fire/Tmut/Pois #.......     100%        3    #####..
 Mephitic Cloud           Conj/Pois/Air  #.......     100%        3    #####..
 Ozocubu's Armour         Chrm/Ice       #.......     100%        3    #####..
 Spider Form              Tmut/Pois      #..          100%        3    #####..
 Stone Arrow              Conj/Erth      #.....       100%        3    #####..
 Cause Fear               Hex            #.........   100%        4    ######.
 Ice Form                 Ice/Tmut       #.......     100%        4    ######.
 Lightning Bolt           Conj/Air       #.......     100%        4    ######.
 Petrify                  Tmut/Erth      #.........   100%        4    ######.
 Sticky Flame             Conj/Fire      #.......     100%        4    ######.
 Summon Ice Beast         Ice/Summ       #.......     100%        4    ######.
 Throw Icicle             Conj/Ice       #.......     100%        4    ######.
 Tree Form                Hex/Tmut       N/A          100%        4    ######.
 Yara's Violent Unravell  Hex/Tmut       #.........   100%        4    ######.
 Bolt of Magma            Conj/Fire/Erth #.........   100%        5    #######
 Freezing Cloud           Ice/Air        #.......     100%        5    #######
 Iskenderun's Battlesphe  Conj/Chrm      #.......     100%        5    #######
 Lee's Rapid Deconstruct  Erth           #.........   100%        5    #######
 Piercing Shot            Chrm           #.........   100%        5    #######
 Silence                  Hex/Air        #.........   100%        5    #######
 Summon Demon             Summ           #.........   100%        5    #######
 Summon Forest            Summ/Tloc      #.........   100%        5    #######
 Summon Lightning Spire   Summ/Air       #.......     100%        5    #######
 Summon Mana Viper        Hex/Summ       #.......     100%        5    #######
 Bolt of Cold             Conj/Ice       #.........   100%        6    #######
 Bolt of Fire             Conj/Fire      #.........   100%        6    #######
 Borgnjor's Vile Clutch   Necr/Erth      #.........   100%        6    #######
 Darkness                 Hex            #.........   100%        6    #######
 Infestation              Hex/Tmut/Pois  #........    100%        6    #######
 Iron Shot                Conj/Erth      #.........   100%        6    #######
 Ozocubu's Refrigeration  Ice            #.........   100%        6    #######
 Poison Arrow             Conj/Pois      #.........   100%        6    #######
 Statue Form              Tmut/Erth      #........    100%        6    #######
 Summon Hydra             Summ           #.........   100%        6    #######
 Virulence                Hex/Pois       #.......     100%        6    #######
 Dragon Form              Tmut           #......      100%        7    #######
 Monstrous Menagerie      Summ           #.........   100%        7    #######
 Shadow Creatures         Summ           N/A          100%        7    #######
 Spellforged Servitor     Conj/Summ      #.........   100%        7    #######
 Time Stop                Chrm/Tloc      N/A          100%        8    #######
 Dragon's Call            Summ           #.........   100%        9    #######
 Fire Storm               Conj/Fire      #.........   100%        9    #######
 Shatter                  Erth           #.........   100%        9    #######


Dungeon Overview and Level Annotations

Branches:
Dungeon (12/12)            Temple (1/1) D:4            Lair (6/6) D:9
 Shoals (3/3) Lair:2       Spider (3/3) Lair:3        Slime (5/5) Orc
    Orc (1/1) D:10            Elf (3/3) Lair:6       Vaults (2/3) D:12
  Crypt (2/2) Vaults:2       Tomb (0/3) Crypt:2      Depths (4/5) D:12

Altars:
Ashenzari
Cheibriados
Dithmenos
Elyvilon
Hepliaklqana
Kikubaaqudgha
Lugonu
Makhleb
Nemelex Xobeh
Okawaru
Qazlal
Sif Muna
Uskayaw
Vehumet
Wu Jian
Xom
Yredelemnul
Zin
The Shining One
Jiyva

Shops:
D:11 (   Orc ([=*:   Elf:1 *   Elf:2 *   Elf:3 =   Shoals:1 %   Vaults:1 *
Vaults:2 !   Depths:4 }}=

Portals:
Hell: Depths:1 Depths:2 Depths:3 Depths:4
Abyss: Depths:2 Depths:4
Pandemonium: Depths:1 Depths:3 Depths:4
Ziggurat: Depths:3
Trove: D:11 (give +5 plate armour)

Annotations:
D:5 1 runed door
D:6 2 transporters, yrara's ghost, novice DsFi
Lair:6 1 runed translucent door, digdongdog's ghost, journeyman EnBe
Slime:5 Royal Jelly
Elf:2 1 runed translucent door, digdongdog's ghost, adept EnFi
Depths:3 1 runed door


Innate Abilities, Weirdness & Mutations

You can breathe blasts of fire.
Your fiery red scales are hard. (AC +11)
You cannot fit into any form of body armour.
Your flesh is heat resistant. (rF+)
You are cold-blooded and may be slowed by cold attacks.
You have acidic saliva.
Your body has grown golden eyes which may confuse attackers. (Acc +3)
Your rubbery body absorbs attacks. (AC +1, EV +1)
You have pseudopods that can do melee attacks.
Your translucent skin reduces your foes' accuracy. (Stealth)


Message History

The merfolk impaler struggles against the net.
Your death ooze hits the merfolk impaler!!
Your death ooze splashes around in the water.
Okay, then.
Search for what [Enter for "ench", or ? for help]? heal You feel yourself speed up.
The merfolk impaler struggles against the net.
Your death ooze hits the merfolk impaler!
Your death ooze barely misses the merfolk impaler.
Evoke which item? (* to show all) (? for menu, Esc to quit)
Aiming: Dig
Press: ? - help, Shift-Dir - straight line, p - merfolk impaler The rock shatters into small pieces.
The merfolk impaler struggles against the net.
The net rips apart, and the merfolk impaler comes free!
Your death ooze splashes around in the water.
Your death ooze grabs the merfolk impaler.
Your death ooze constricts the merfolk impaler!!
The stone giant throws a large rock.
The large rock hits you!!
You die...

..≈≈≈...≈≈≈.. #... #.≈..C..≈.# .
#... #.........# #### ... #...
#.......C)###.(#..... #...
(...#...#.m........... #... ≈
##.###≈J[≈≈)≈≈≈≈≈≈ #...
#.[.#≈≈≈≈≈≈≈≈≈≈≈≈≈ #... ####
######.###.##############... #..#
#..##..# #.@# #.....>...... #..#
#(.##..# #...# #.......).... #..#
#..##..# #..#.##....∩....... #..#
#.)#..)###...#.#............
#..###>.....)).[...#.............
#.......##########...............
#.......##.......#.....##........
#..###..#.######'#.##..##....####
#..# #..#.#...∩#.#.##..##....#♣♣♣


You could see a stone giant and a merfolk impaler.

Vanquished Creatures
  An ancient lich (Depths:4)
  A greater mummy (Crypt:2)
  2 golden dragons
  A caustic shrike (Depths:4)
  A rockslime (Depths:3)
  Gastronok (Lair:2)
  3 wendigos
  3 liches
  Jorgrun (Orc)
  2 shard shrike skeletons
  5 deep elf blademasters (Elf:3)
  A titan (Depths:2)
  4 sphinxes
  3 deep elf master archers (Elf:3)
  A storm dragon (Depths:3)
  Agnes (Spider:1)
  Kirke (Spider:1)
  8 ghouls (Crypt:2)
  A revenant (Crypt:2)
  Donald (Vaults:1)
  An orc warlord (Vaults:2)
  5 frost giants
  4 fire giants
  3 ghost moths (Spider:3)
  A war gargoyle (Vaults:2)
  7 deep elf sorcerers
  Louise (Elf:2)
  3 iron dragons
  5 emperor scorpions
  6 vault wardens
  13 stone giants
  Aizul (Lair:3)
  A deep elf elementalist (Elf:3)
  A curse skull (Crypt:1)
  8 very ugly things
  10 jiangshi
  2 spriggan defenders
  7 ironheart preservers
  5 vampire knights
  2 deep elf demonologists
  3 dire elephants (Vaults:1)
  3 entropy weavers
  7 deep elf annihilators
  7 spark wasps
  3 merfolk javelineers (Shoals:3)
  11 deep elf death magi
  3 mutant beasts (D:12)
  3 merfolk impalers
  6 ettins
  An eidolon (Crypt:1)
  10 fire dragons
  4 mummy priests (Crypt:2)
  2 deep elf high priests (Elf:3)
  Harold (Lair:2)
  4 vault guards (Vaults:1)
  4 yaktaur captains
  11 hydras
  Erica (Lair:2)
  12 ice dragons
  A rakshasa (Depths:3)
  4 shadow wraiths
  2 alligator snapping turtles (Shoals:1)
  4 spriggan air magi
  2 merfolk avatars (Shoals:3)
  A shambling mangrove (Shoals:1)
  A catoblepas (Lair:6)
  10 ogre magi
  7 merfolk aquamancers
  14 two-headed ogres
  7 sea snakes
  A satyr (Shoals:1)
  7 death yaks
  2 tengu warriors
  9 deep troll shamans
  4 spriggan berserkers
  36 dancing weapons
  7 vampire magi
  An orc high priest (Orc)
  5 deep troll earth magi
  3 hell hogs (Depths:2)
  An ironheart beastmaster (Vaults:1)
  A soul eater (Crypt:2)
  22 deep trolls
  A shock serpent (shapeshifter) (Elf:2)
  A goliath frog (Shoals:1)
  14 deep elf knights
  16 centaur warriors
  5 skeletal warriors
  An iron troll (Depths:3)
  A fire crab (Shoals:2)
  A hell knight (Vaults:2)
  A storm dragon skeleton (Vaults:2)
  An unseen horror (D:11)
  An anaconda zombie (Crypt:1)
  2 flayed ghosts
  A salamander mystic (Depths:3)
  4 ironheart convokers
  2 orc knights (Orc)
  9 phantasmal warriors
  17 deep elf archers
  21 wolf spiders
  A swamp dragon (Lair:3)
  2 wolf spider zombies
  3 lindwurms
  2 cyclopes
  4 harpies (Shoals:3)
  50 deep elf magi
  2 harpies (shapeshifter)
  A necromancer (Vaults:2)
  18 orb spiders
  A sphinx zombie (Vaults:2)
  9 wizards
  A tengu skeleton (Vaults:2)
  5 manticores
  4 salamanders (Depths:3)
  15 ugly things
  10 fauns
  A sphinx skeleton (Crypt:2)
  9 black mambas
  8 merfolk sirens
  A moth of wrath (Spider:1)
  A rust devil (Depths:1)
  5 vault sentinels
  6 water nymphs
  2 guardian serpents (shapeshifter)
  2 molten gargoyles (Lair:6)
  3 torpor snails
  14 cane toads
  33 jumping spiders
  15 demonic crawlers
  7 komodo dragons
  7 rime drakes
  A green draconian zombie (Crypt:1)
  3 freezing wraiths
  An iron troll zombie (Crypt:1)
  11 yaktaurs
  A swamp worm zombie (Crypt:1)
  A black draconian skeleton (Crypt:1)
  2 trolls
  3 polar bears
  14 merfolk
  A wolf spider simulacrum (D:11)
  3 wind drakes (Shoals:3)
  27 guardian mummies (Crypt:2)
  A harpy zombie (Crypt:1)
  A wind drake (shapeshifter) (D:12)
  10 hornets
  4 harpy skeletons
  12 blink frogs
  7 bog bodies (Crypt:2)
  4 snapping turtles
  A frost giant simulacrum (Vaults:2)
  A meliai zombie (D:10)
  7 hippogriffs
  Grum (Lair:3)
  A guardian serpent skeleton (Crypt:2)
  16 tarantellas
  Sigmund (D:2)
  An air elemental (Elf:3)
  19 water elementals
  6 wyverns
  2 spriggans
  A wraith (D:12)
  9 ushabtiu (Crypt:2)
  2 shadows (D:12)
  A hog (shapeshifter) (Depths:2)
  15 yaks
  A fire elemental (Elf:1)
  A human (shapeshifter) (Vaults:2)
  2 hogs
  A human (Spider:1)
  A spriggan (shapeshifter) (Depths:2)
  A fire bat (Depths:3)
  4 basilisks
  2 chaos spawn (D:11)
  A hungry ghost (D:9)
  37 redbacks
  A steam dragon (Lair:6)
  8 vampire mosquitoes
  6 wargs
  8 crocodiles
  A warg (shapeshifter) (Vaults:2)
  An acid dragon (D:12)
  A water nymph skeleton (Crypt:2)
  8 hell hounds
  9 water moccasins
  A monstrous demonspawn skeleton (Crypt:2)
  7 porcupines
  2 ice beasts
  20 orc warriors
  A sky beast (D:6)
  4 black bears
  A necrophage (D:10)
  2 phantoms
  16 ogres
  55 wolves
  7 boggarts
  Blork the orc (D:4)
  A torpor snail zombie (Crypt:1)
  14 bullfrogs
  A wyvern zombie (D:9)
  4 kobold brigands
  An earth elemental (Elf:3)
  A human skeleton (Vaults:2)
  7 centaurs
  9 killer bees
  A water moccasin skeleton (Crypt:2)
  3 scorpions
  8 wights
  12 orc priests
  4 electric eels
  2 crimson imps
  3 howler monkeys
  2 bullfrog zombies
  6 hounds
  5 lava snakes (Lair:6)
  2 iguanas
  Ijyb (D:5)
  17 orc wizards
  10 worker ants
  A hell rat (Lair:5)
  An acid dragon zombie (Crypt:2)
  A hound zombie (D:5)
  A hound skeleton (D:10)
  9 mummies (Crypt:2)
  A howler monkey zombie (Crypt:2)
  7 adders
  4 gnolls (D:5)
  A shadow imp (D:12)
  A white imp (Depths:4)
  An adder zombie (D:6)
  2 adder skeletons
  An iguana skeleton (Crypt:2)
  5 worms
  A barachi skeleton (Crypt:1)
  3 dart slugs
  5 leopard geckos
  53 orcs
  10 bats
  9 goblins
  5 hobgoblins
  8 jackals (D:2)
  2 quokkas
  5 frilled lizards
  A jackal skeleton (Crypt:1)
  19 kobolds
  11 rats
  A bush (Lair:2)
  2 plants
1404 creatures vanquished.

Vanquished Creatures (collateral kills)
  A juggernaut (Depths:2)
  A golden dragon (Depths:2)
  A storm dragon (Depths:2)
  Roxanne (D:12)
  A ghoul (Crypt:2)
  2 fire giants
  A stone giant (Depths:2)
  An ironheart preserver (Vaults:2)
  2 very ugly things
  A deep elf death mage (Elf:1)
  A fire dragon (Depths:2)
  A hydra (Lair:6)
  A spriggan air mage (Depths:3)
  A catoblepas (Shoals:3)
  A death knight (Crypt:1)
  2 alligator snapping turtles (Shoals:3)
  A satyr (Shoals:2)
  A death yak (Shoals:3)
  An ogre mage (Vaults:2)
  2 two-headed ogres
  2 vampire magi
  A spriggan berserker (Depths:2)
  2 deep trolls
  A centaur warrior (D:12)
  A deep elf knight (Elf:1)
  2 skeletal warriors (Crypt:1)
  2 flayed ghosts (Crypt:2)
  An ironheart convoker (Vaults:1)
  A harpy (Shoals:3)
  A deep elf mage (Elf:1)
  An orb spider (Spider:1)
  3 fauns
  An orc sorcerer (Orc)
  An orc knight (Orc)
  A wolf spider (Spider:1)
  2 ugly things (Depths:2)
  A salamander (Depths:3)
  A merfolk siren (Shoals:2)
  A molten gargoyle (Lair:6)
  A cane toad (Lair:3)
  A freezing wraith (D:10)
  A komodo dragon (Lair:6)
  A demonic crawler (Spider:3)
  A jumping spider (Lair:3)
  A guardian mummy (Crypt:2)
  3 merfolk (Shoals:2)
  A hornet (Spider:3)
  2 harpy skeletons (D:12)
  A meliai zombie (D:10)
  A snapping turtle (Shoals:2)
  A tarantella (Spider:3)
  2 wraiths (Crypt:1)
  A basilisk (Lair:6)
  A hell hound (Lair:6)
  A hornet zombie (D:10)
  4 orc warriors (Orc)
  An ogre (Vaults:2)
  A phantom (D:10)
  3 boggarts (Depths:2)
  A wolf (Lair:5)
  2 killer bees (D:10)
  4 orc priests (Orc)
  3 orc wizards (Orc)
  A worker ant (Spider:1)
  A porcupine skeleton (D:10)
  A mummy (Crypt:2)
  3 orcs
95 creatures vanquished.

Vanquished Creatures (others)
  A rockslime (Depths:3)
  Nikola (Shoals:3)
  8 acid blobs
  Polyphemus (Shoals:3)
  A frost giant (Depths:2)
  3 azure jellies
  A stone giant (Depths:3)
  2 eyes of devastation (Depths:2)
  A vampire knight (Depths:2)
  An entropy weaver (Vaults:2)
  2 fire dragons
  A merfolk impaler (Shoals:3)
  8 great orbs of eyes
  2 yaktaur captains (Depths:2)
  3 rakshasas
  4 satyrs
  A spriggan berserker (Depths:2)
  2 deep elf knights (Elf:1)
  2 centaur warriors
  A flayed ghost (Depths:3)
  A glowing orange brain (Depths:2)
  5 deep elf archers
  An ironheart convoker (Vaults:2)
  An ugly thing (Vaults:1)
  A mana viper (shapeshifter) (Depths:2)
  10 fauns
  2 deep elf magi
  2 orc sorcerers (Orc)
  8 yaktaurs
  A cane toad (shapeshifter) (Depths:3)
  An eye of draining (D:12)
  A komodo dragon (shapeshifter) (Vaults:1)
  A troll (Orc)
  2 merfolk
  22 slime creatures
  2 wind drakes (shapeshifter)
  5 boggarts
  A snapping turtle (Shoals:3)
  4 water elementals
  An air elemental (Elf:1)
  A fire bat (Depths:3)
  A steam dragon (shapeshifter) (D:12)
  2 wargs (Orc)
  A swamp drake (shapeshifter) (Depths:3)
  5 orc warriors
  An ogre (Vaults:2)
  A bullfrog (D:5)
  A hornet simulacrum (D:12)
  2 orc priests (Orc)
  A crimson imp (D:5)
  A hound (shapeshifter) (Vaults:1)
  A jelly (D:10)
  2 hounds (D:5)
  9 orc wizards
  2 worker ants (D:5)
  An adder (D:5)
  A howler monkey skeleton (D:5)
  An ooze (D:7)
  An adder zombie (D:5)
  A worm (D:5)
  5 orcs
  A quokka (D:5)
  55 fungi
  196 plants
411 creatures vanquished.

Grand Total: 1910 creatures vanquished

Notes
Turn   | Place    | Note
-------+----------+-------------------------------------------
     0 | D:1      | Grijm the Draconian Gladiator began the quest for the Orb.
     0 | D:1      | Reached XP level 1. HP: 19/19 MP: 1/1
   290 | D:1      | Reached skill level 1 in Stealth
   294 | D:1      | Reached XP level 2. HP: 22/26 MP: 2/2
   618 | D:1      | Reached XP level 3. HP: 31/31 MP: 3/3
  1158 | D:2      | Reached XP level 4. HP: 40/40 MP: 4/4
  1346 | D:2      | Noticed Sigmund
  2086 | D:3      | Reached skill level 1 in Slings
  2560 | D:3      | Reached XP level 5. HP: 45/46 MP: 5/5
  2750 | D:4      | Noticed a black bear
  2876 | D:4      | Reached skill level 5 in Long Blades
  3050 | D:4      | Noticed Blork the orc
  3205 | D:4      | Killed a black bear
  3206 | D:4      | Reached skill level 1 in Crossbows
  3206 | D:4      | Reached XP level 6. HP: 52/52 MP: 6/6
  3243 | D:4      | Found a staircase to the Ecumenical Temple.
  3252 | Temple   | Entered the Ecumenical Temple
  3256 | Temple   | Became a worshipper of Jiyva Jimiuf the Shapeless
  3282 | D:4      | Got an encrusted spear
  3624 | D:4      | Your scales start taking on a fiery red colour.
  3624 | D:4      | Reached XP level 7. HP: 52/59 MP: 7/7
  3624 | D:4      | Gained mutation: Your flesh is heat resistant. (rF+) [Red
                  | Draconian growth]
  3649 | D:4      | Found a shimmering blue altar of Sif Muna.
  3792 | D:4      | Killed Blork the orc
  3836 | D:5      | Entered Level 5 of the Dungeon
  3888 | D:5      | Noticed Ijyb
  3894 | D:5      | Killed Ijyb
  4212 | D:5      | Reached skill level 5 in Crossbows
  4227 | D:5      | Found a runed door.
  4279 | D:5      | Found a corrupted altar of Lugonu.
  4349 | D:5      | Found an ornate altar of the Wu Jian Council.
  4410 | D:5      | Reached XP level 8. HP: 66/66 MP: 8/8
  4446 | D:5      | Found a radiant altar of Vehumet.
  4447 | D:5      | Found a burning altar of Makhleb.
  5012 | D:2      | Killed Sigmund
  5308 | D:6      | Reached skill level 1 in Evocations
  5492 | D:6      | Noticed a hippogriff
  5501 | D:6      | Killed a hippogriff
  5525 | D:6      | Reached ** piety under Jiyva
  5647 | D:6      | Gained mutation: You are resistant to hostile enchantments.
                  | (MR+) [Jiyva's grace]
  5785 | D:6      | Reached XP level 9. HP: 63/71 MP: 11/11
  6010 | D:6      | Found a transporter.
  6018 | D:6      | Noticed yrara's ghost (novice DsFi)
  6047 | D:6      | Found a transporter.
  6294 | D:6      | Found a glowing silver altar of Zin.
  6895 | D:6      | Found a glowing silver altar of Zin.
  6990 | D:6      | Found a transporter.
  7078 | D:6      | Found a transporter.
  7945 | D:6      | Found a glowing silver altar of Zin.
  8046 | D:6      | Found a transporter.
  8135 | D:6      | Found a transporter.
  8280 | D:7      | Found a shattered altar of Ashenzari.
  8676 | D:7      | Noticed a cane toad
  8783 | D:7      | Noticed a black mamba
  8839 | D:7      | Noticed a wind drake
  8841 | D:7      | a wind drake changed into a shapeshifter
  9206 | D:8      | Reached skill level 1 in Invocations
  9927 | D:8      | Identified the Papyrus of the Entourage
 10054 | D:8      | Found a glowing golden altar of the Shining One.
 10054 | D:8      | Found a sparkling altar of Nemelex Xobeh.
 10054 | D:8      | Found a shattered altar of Ashenzari.
 10054 | D:8      | Found an iron altar of Okawaru.
 10062 | D:8      | Found a shadowy altar of Dithmenos.
 10080 | D:8      | Found a stormy altar of Qazlal.
 10182 | D:8      | Noticed a troll
 10192 | D:8      | Killed a troll
 10192 | D:8      | Lost mutation: You are resistant to hostile enchantments.
                  | (MR+) [Jiyva's grace]
 10193 | D:8      | Reached skill level 5 in Fighting
 10193 | D:8      | Reached skill level 5 in Evocations
 10393 | D:9      | Reached XP level 10. HP: 76/81 MP: 13/13
 10639 | D:9      | Found a staircase to the Lair.
 10647 | D:9      | Reached skill level 10 in Crossbows
 10977 | D:9      | Reached *** piety under Jiyva
 11592 | D:9      | Found a white marble altar of Elyvilon.
 12135 | Lair:1   | Entered Level 1 of the Lair of Beasts
 12468 | Lair:1   | Noticed a black mamba
 12475 | Lair:1   | Killed a black mamba
 12722 | Lair:1   | Gained mutation: You have a small jelly attached to you
                  | that may absorb incoming projectiles. [Jiyva's grace]
 13459 | Lair:2   | Noticed a death yak
 13460 | Lair:2   | Noticed a death yak
 13461 | Lair:2   | Noticed a death yak
 13473 | Lair:1   | Killed a death yak
 13474 | Lair:1   | Reached XP level 11. HP: 94/94 MP: 15/15
 13498 | Lair:1   | Killed a death yak
 13668 | Lair:2   | Reached skill level 10 in Long Blades
 13810 | Lair:2   | Killed a death yak
 14190 | Lair:2   | Noticed Erica
 14203 | Lair:2   | Killed Erica
 14204 | Lair:2   | Reached skill level 5 in Dodging
 14228 | Lair:2   | Gained mutation: You have acidic saliva. [Jiyva's grace]
 14243 | Lair:2   | Noticed an eight-headed hydra
 14490 | Lair:2   | Found a hazy altar of Hepliaklqana.
 14569 | Lair:2   | Noticed Harold
 14583 | Lair:2   | Killed Harold
 14645 | Lair:2   | Noticed Gastronok
 14659 | Lair:2   | Killed Gastronok
 14660 | Lair:2   | Reached skill level 10 in Fighting
 14660 | Lair:2   | Reached XP level 12. HP: 45/106 MP: 16/16
 15071 | Lair:2   | Killed an eight-headed hydra
 15327 | Lair:2   | Found a staircase to the Shoals.
 15482 | Lair:3   | Noticed an eight-headed hydra
 15494 | Lair:3   | Killed an eight-headed hydra
 15495 | Lair:3   | Reached skill level 1 in Shields
 15779 | Lair:3   | Found a hole to the Spider Nest.
 15950 | Lair:3   | Noticed a death yak
 15950 | Lair:3   | Noticed a death yak
 15964 | Lair:3   | Killed a death yak
 15964 | Lair:3   | Reached **** piety under Jiyva
 16087 | Lair:3   | Killed a death yak
 16103 | Lair:3   | Reached skill level 5 in Invocations
 16118 | Lair:3   | Noticed Grum
 16125 | Lair:3   | Killed Grum
 16254 | Lair:3   | Got a faintly glowing bone ring
 16256 | Lair:3   | Identified the cursed ring of Finality {+Blink rElec Str-4
                  | Stlth--} (You found it on level 3 of the Lair of Beasts)
 16550 | Lair:3   | Lost mutation: You have a small jelly attached to you that
                  | may absorb incoming projectiles. [Jiyva's grace]
 16658 | Lair:3   | Reached skill level 5 in Shields
 16905 | Lair:4   | Noticed a five-headed hydra
 16913 | Lair:4   | Killed a five-headed hydra
 17054 | Lair:4   | Noticed a seven-headed hydra
 17222 | Lair:4   | Killed a four-headed hydra
 17223 | Lair:4   | Reached XP level 13. HP: 91/113 MP: 17/17
 18184 | Lair:4   | Gained mutation: You have a small jelly attached to you
                  | that may absorb incoming projectiles. [Jiyva's grace]
 18318 | Lair:5   | Reached ***** piety under Jiyva
 18463 | Lair:5   | Gained mutation: You have a small jelly attached to you
                  | that senses nearby items. [Jiyva's grace]
 20054 | Lair:6   | Entered Level 6 of the Lair of Beasts
 20253 | Lair:6   | Found a staircase to the Elven Halls.
 20703 | Lair:6   | Found a runed translucent door.
 20708 | Lair:6   | Noticed digdongdog's ghost (journeyman EnBe)
 20708 | Lair:6   | Identified the +1 trident "Upub" {distort, MP-9 Str+10
                  | Int-4}
 20722 | Lair:6   | Reached skill level 10 in Invocations
 20911 | Lair:6   | Reached XP level 14. HP: 61/121 MP: 21/21
 21276 | Lair:6   | Found a large runed door.
 21276 | Lair:6   | Found a large runed door.
 21985 | Lair:6   | Noticed an acid blob
 21985 | Lair:6   | a fire dragon changed into an acid blob
 22353 | D:10     | Entered Level 10 of the Dungeon
 22681 | D:10     | Found a staircase to the Orcish Mines.
 22694 | D:10     | Gained mutation: Your translucent skin slightly reduces
                  | your foes' accuracy. (Stealth) [Jiyva's grace]
 22887 | Orc      | Entered the Orcish Mines
 22905 | Orc      | Found a viscous altar of Jiyva.
 22905 | Orc      | Found a staircase to the Slime Pits.
 22950 | Orc      | Noticed Jorgrun
 22969 | Orc      | Killed Jorgrun
 23002 | Slime:1  | Entered Level 1 of the Pits of Slime
 23212 | Slime:1  | Noticed an acid blob
 23213 | Slime:1  | Noticed an azure jelly
 23423 | Slime:2  | Noticed an azure jelly
 23445 | Slime:2  | Noticed an acid blob
 23473 | Slime:2  | Noticed an acid blob
 23519 | Slime:2  | Noticed an acid blob
 23521 | Slime:2  | Noticed an acid blob
 23549 | Slime:2  | Noticed an acid blob
 23574 | Slime:2  | Noticed an acid blob
 23832 | Slime:2  | Noticed an azure jelly
 23915 | Slime:3  | Noticed an acid blob
 23932 | Slime:3  | Noticed an acid blob
 23981 | Slime:3  | Noticed an azure jelly
 24101 | Slime:3  | Found a viscous altar of Jiyva.
 24407 | Slime:5  | Entered Level 5 of the Pits of Slime
 24422 | Slime:5  | Noticed an acid blob
 24449 | Slime:5  | Noticed an acid blob
 24462 | Slime:5  | Noticed an acid blob
 24473 | Slime:5  | Noticed an acid blob
 24475 | Slime:5  | Noticed an acid blob
 24521 | Slime:5  | Noticed an acid blob
 24528 | Slime:5  | Noticed an acid blob
 24543 | Slime:5  | Noticed an acid blob
 24612 | Slime:5  | Noticed an acid blob
 24630 | Slime:5  | Noticed an acid blob
 24652 | Slime:5  | Noticed an acid blob
 24655 | Slime:5  | Noticed an acid blob
 24658 | Slime:5  | Noticed an azure jelly
 24671 | Slime:5  | Noticed the Royal Jelly
 24715 | Slime:5  | Found the +1 cloak of Starlight {rElec rC+ EV+4 Stlth--}
 24735 | Slime:5  | Found a viscous altar of Jiyva.
 24840 | Slime:3  | Noticed an acid blob
 25205 | Orc      | Gained mutation: Your translucent skin reduces your foes'
                  | accuracy. (Stealth) [Jiyva's grace]
 25372 | Orc      | Noticed an orc warlord
 25388 | Orc      | Slimified an orc warlord
 25388 | Orc      | Noticed an azure jelly
 25388 | Orc      | an orc warlord changed into an azure jelly
 25403 | Orc      | Found a roughly hewn altar of Beogh.
 25416 | Orc      | Found Daobuism's Antique Weapon Boutique.
 25421 | Orc      | Found Xuiffic's Jewellery Boutique.
 25427 | Orc      | Found Lylanyug's General Store.
 25435 | Orc      | Bought a scroll of identify for 26 gold pieces
 25435 | Orc      | Bought a scroll of summoning for 130 gold pieces
 25445 | Orc      | Found Zadokhlosa's Antique Armour Boutique.
 25733 | Orc      | Found Qexzyph's Book Boutique.
 25914 | Orc      | Bought a phantom mirror for 260 gold pieces
 25914 | Orc      | Bought a scroll of revelation for 52 gold pieces
 25914 | Orc      | Bought a potion of cancellation for 65 gold pieces
 25914 | Orc      | Bought a +2 pair of boots of flying for 279 gold pieces
 25967 | D:11     | Found Vube's Antique Weapon Boutique.
 25985 | D:11     | Got a slimy steel ring
 25987 | D:11     | Identified the ring "Yhelammi" {rElec Str+6 Int-4 Dex+3
                  | Stlth+} (You found it on level 11 of the Dungeon)
 26109 | D:11     | Found the +7 mace of Variability {chain chaos}
 26130 | D:11     | Found a shimmering altar of Xom.
 26134 | D:11     | Found a portal to a secret trove of treasure.
 26252 | D:11     | Gained mutation: You have large cloven feet. [Jiyva's
                  | grace]
 26548 | D:11     | Got a warped golden amulet
 26550 | D:11     | Lost intelligence.
 26550 | D:11     | Identified the amulet "Qoroschu" {Faith +Fly rElec Str+5
                  | Int-5} (You found it on level 11 of the Dungeon)
 26913 | D:12     | Entered Level 12 of the Dungeon
 27072 | D:12     | Got a buzzing whip
 27243 | D:12     | Reached XP level 15. HP: 76/128 MP: 25/25
 27421 | D:12     | Found a staircase to the Depths.
 27575 | D:12     | Gained mutation: Your spells are a little harder to cast,
                  | but a little more powerful. [Jiyva's grace]
 27645 | D:12     | Noticed Frances
 27660 | D:12     | Slimified Frances
 27660 | D:12     | Noticed Frances
 27660 | D:12     | Frances changed into Frances the acid blob
 27843 | D:12     | Noticed Roxanne
 27863 | D:12     | Killed Roxanne
 27869 | D:12     | Identified Roxanne's Catalogue of the Mountains (You took
                  | it off Roxanne on level 12 of the Dungeon)
 28002 | D:12     | Found a runed translucent door.
 28033 | D:12     | Found a gate to the Vaults.
 28453 | Spider:1 | Entered Level 1 of the Spider Nest
 28455 | Spider:1 | Noticed Aizul
 28461 | Spider:1 | Reached skill level 15 in Invocations
 28463 | Spider:1 | Noticed Kirke
 28475 | Lair:3   | Your ally Frances died
 28476 | Lair:3   | Killed Aizul
 28678 | Shoals:1 | Entered Level 1 of the Shoals
 28799 | Shoals:1 | Found the +8 whip "Snakebite" {curare, rPois}
 28999 | Shoals:1 | Reached skill level 15 in Long Blades
 29104 | Shoals:1 | Found Rair's Food Shoppe.
 29787 | Shoals:1 | Gained mutation: Your rubbery body absorbs attacks. (AC +1,
                  | EV +1) [Jiyva's grace]
 30534 | Shoals:2 | Noticed an acid blob
 30534 | Shoals:2 | an alligator snapping turtle changed into an acid blob
 32043 | Shoals:3 | Entered Level 3 of the Shoals
 32057 | Shoals:3 | Reached XP level 16. HP: 132/144 MP: 27/27
 32063 | Shoals:3 | Noticed an acid blob
 32063 | Shoals:3 | a death yak changed into an acid blob
 32933 | Shoals:3 | Lost mutation: Your spells are a little harder to cast, but
                  | a little more powerful. [Jiyva's grace]
 33190 | Shoals:3 | Reached skill level 15 in Fighting
 33542 | Shoals:3 | Identified the +5 spear "Jojoaxoo" {venom, Str+3 Int+3}
 33570 | Shoals:3 | Identified the amulet "Xaicue" {Reflect +Fly rF+++ Str-5
                  | SH+5 SInv}
 33894 | Shoals:3 | Noticed an acid blob
 33894 | Shoals:3 | a merfolk changed into an acid blob
 34017 | Shoals:3 | Noticed Nikola
 34043 | Shoals:3 | Killed Nikola
 34487 | Shoals:3 | Gained mutation: You have very sharp teeth. [Jiyva's grace]
 34581 | Shoals:3 | Noticed Polyphemus
 34588 | Shoals:3 | Killed Polyphemus
 34589 | Shoals:3 | Reached skill level 10 in Dodging
 34835 | Shoals:3 | Got a barnacled rune of Zot
 34899 | Shoals:3 | Reached XP level 17. HP: 144/156 MP: 28/28
 35944 | Spider:1 | Noticed Agnes
 36216 | Spider:1 | Killed Agnes
 36517 | Spider:1 | Killed Kirke
 36555 | Spider:1 | Gained mutation: You are resistant to electric shocks.
                  | (rElec) [Jiyva's grace]
 37229 | Spider:1 | Reached skill level 10 in Evocations
 37454 | Spider:2 | Reached skill level 1 in Short Blades
 37460 | Spider:2 | Gained mutation: You are resistant to hostile enchantments.
                  | (MR+) [Jiyva's grace]
 37626 | Spider:2 | Identified the +1 robe of Vehumet {rElec Str+2}
 38528 | Spider:3 | Entered Level 3 of the Spider Nest
 38559 | Spider:3 | Gained mutation: You are agile. (Dex +2) [Jiyva's grace]
 38566 | Spider:3 | Reached skill level 5 in Short Blades
 38669 | Spider:3 | Reached ****** piety under Jiyva
 39056 | Spider:3 | Lost mutation: You have a small jelly attached to you that
                  | senses nearby items. [Jiyva's grace]
 39559 | Spider:3 | Lost mutation: You are resistant to hostile enchantments.
                  | (MR+) [Jiyva's grace]
 39704 | Spider:3 | Got a gossamer rune of Zot
 39828 | Spider:3 | Reached XP level 18. HP: 163/163 MP: 9/29
 40325 | Slime:5  | Identified the +1 chain mail of the Arcane {-Cast rElec MR+
                  | MP+9}
 40386 | Slime:5  | Identified the ring "Puussoc" {*Corrode MR+ Int+4 SInv}
 40402 | Slime:5  | Identified the ring of the Raven {Wiz +Inv Int+2}
 40404 | Slime:5  | Got a slimy rune of Zot
 40420 | Slime:5  | Identified the +6 battleaxe of Tentacled Guilt {drain,
                  | Fragile Int+4}
 40427 | Slime:5  | Identified Xitziwuu's Catalogue of Floating Battle Magic
 40797 | Elf:1    | Entered Level 1 of the Elven Halls
 41743 | Elf:1    | Found Nyforutt's Assorted Antiques.
 41752 | Elf:1    | Lost mutation: You are agile. (Dex +2) [Jiyva's grace]
 41764 | Elf:1    | Bought a scroll of revelation for 128 gold pieces
 41764 | Elf:1    | Bought 2 potions of might for 256 gold pieces
 41764 | Elf:1    | Bought a potion of invisibility for 256 gold pieces
 42895 | Elf:2    | Found a runed translucent door.
 42895 | Elf:2    | Found a shimmering altar of Xom.
 42895 | Elf:2    | Noticed digdongdog's ghost (adept EnFi)
 42965 | Elf:2    | Found Jigromp's General Store.
 42968 | Elf:2    | Bought a scroll of brand weapon for 306 gold pieces
 42968 | Elf:2    | Bought a +8 blowgun for 756 gold pieces
 43431 | Elf:2    | Identified the +2 scale mail of Kuczacu {rPois Str+4
                  | Stlth+}
 43617 | Elf:2    | Lost mutation: You are resistant to electric shocks.
                  | (rElec) [Jiyva's grace]
 43944 | Elf:2    | Found a huge runed gate.
 43944 | Elf:2    | Found a huge runed gate.
 43944 | Elf:2    | Found a huge runed gate.
 43944 | Elf:2    | Found a huge runed gate.
 43946 | Elf:2    | Found a huge runed gate.
 44039 | Elf:2    | Bought a potion of might for 68 gold pieces
 44039 | Elf:2    | Bought a potion of agility for 68 gold pieces
 44039 | Elf:2    | Bought a scroll of fog for 34 gold pieces
 44710 | Elf:2    | Noticed Louise
 44730 | Elf:2    | Killed Louise
 45115 | Elf:3    | Entered Level 3 of the Elven Halls
 45500 | Elf:3    | Gained mutation: Your muscles are strong. (Str +2) [Jiyva's
                  | grace]
 45710 | Elf:3    | Reached XP level 19. HP: 148/170 MP: 30/30
 46340 | Elf:3    | Found Giri's Jewellery Emporium.
 46529 | Elf:3    | Reached skill level 15 in Evocations
 46757 | Elf:3    | Reached skill level 10 in Shields
 47545 | Elf:3    | Identified the +4 broad axe of the Other Side {chop, *Slow
                  | rN+ Int+6}
 47545 | Elf:3    | Identified the +5 medium shield "Diki" {rElec rF+++ rC-
                  | MR++}
 48164 | Elf:3    | Identified the ring of the Will of the Gods {Fire Int+5
                  | Stlth-}
 48542 | Elf:3    | Found the +6 Scorpio {venom, beckon}
 48565 | Elf:3    | Identified the Tome of Assistive Toxins
 49050 | Vaults:1 | Entered Level 1 of the Vaults
 49170 | Vaults:1 | Gained mutation: You have pseudopods that can do melee
                  | attacks. [Jiyva's grace]
 49306 | Vaults:1 | Noticed Donald
 49321 | Vaults:1 | Killed Donald
 49588 | Vaults:1 | Lost mutation: You have very sharp teeth. [Jiyva's grace]
 50053 | Vaults:1 | Reached XP level 20. HP: 178/178 MP: 31/31
 50126 | Vaults:1 | Found Hidetiawk's Assorted Antiques.
 50134 | Vaults:1 | Bought a scroll of teleportation for 81 gold pieces
 50134 | Vaults:1 | Bought a potion of haste for 270 gold pieces
 50134 | Vaults:1 | Bought a phantom mirror for 540 gold pieces
 50405 | Vaults:1 | Lost mutation: Your translucent skin reduces your foes'
                  | accuracy. (Stealth) [Jiyva's grace]
 50707 | Vaults:2 | Reached skill level 15 in Shields
 51088 | Vaults:2 | Lost mutation: Your muscles are strong. (Str +2) [Jiyva's
                  | grace]
 51610 | Vaults:2 | Lost mutation: You have large cloven feet. [Jiyva's grace]
 51689 | Vaults:2 | Found Nazxugg's Distillery.
 51792 | Vaults:2 | Bought a potion of haste for 200 gold pieces
 51792 | Vaults:2 | Bought a potion of haste for 200 gold pieces
 51792 | Vaults:2 | Bought a potion of haste for 200 gold pieces
 51792 | Vaults:2 | Bought a potion of resistance for 200 gold pieces
 52085 | Vaults:2 | Lost mutation: Your translucent skin slightly reduces your
                  | foes' accuracy. (Stealth) [Jiyva's grace]
 52645 | Vaults:2 | Found a staircase to the Crypt.
 52645 | Vaults:2 | Found an ancient bone altar of Kikubaaqudgha.
 52646 | Vaults:2 | Found a basalt altar of Yredelemnul.
 52733 | Crypt:1  | Entered Level 1 of the Crypt
 53024 | Crypt:1  | Gained mutation: Your translucent skin slightly reduces
                  | your foes' accuracy. (Stealth) [Jiyva's grace]
 53260 | Crypt:1  | Reached XP level 21. HP: 200/201 MP: 32/32
 53542 | Crypt:2  | Entered Level 2 of the Crypt
 53542 | Crypt:2  | Found a staircase to the Tomb.
 53935 | Crypt:2  | Lost mutation: You have a small jelly attached to you that
                  | may absorb incoming projectiles. [Jiyva's grace]
 55106 | Crypt:2  | Gained mutation: Your translucent skin reduces your foes'
                  | accuracy. (Stealth) [Jiyva's grace]
 55554 | Crypt:2  | Identified the ring of Jyraiwaq {rPois rN+ MR+ MP+9 Int+4}
 55554 | Crypt:2  | Noticed a greater mummy
 55561 | Crypt:2  | Killed a greater mummy
 56573 | Depths:1 | Entered Level 1 of the Depths
 57095 | Depths:1 | Found a snail-covered altar of Cheibriados.
 57140 | Depths:1 | Found a one-way gate leading to the halls of Pandemonium.
 57267 | Depths:1 | Found a gateway to Hell.
 57469 | Depths:1 | Gained mutation: Your flesh is very heat resistant. (rF++)
                  | [Jiyva's grace]
 58209 | Depths:2 | Found a one-way gate to the infinite horrors of the Abyss.
 58372 | Depths:2 | Reached XP level 22. HP: 205/205 MP: 34/34
 58605 | Depths:2 | Noticed a juggernaut
 58615 | Depths:2 | Slimified a juggernaut
 58615 | Depths:2 | a juggernaut changed into an acid blob
 58698 | Depths:2 | Noticed a golden dragon
 58703 | Depths:2 | Killed a golden dragon
 58703 | Depths:2 | Lost mutation: Your flesh is very heat resistant. (rF++)
                  | [Jiyva's grace]
 59157 | Depths:2 | Noticed a juggernaut
 59171 | Depths:2 | Killed a juggernaut
 59709 | Depths:2 | Lost mutation: Your rubbery body absorbs attacks. (AC +1,
                  | EV +1) [Jiyva's grace]
 60228 | Depths:3 | Found a gateway to a ziggurat.
 61105 | Depths:3 | Noticed a golden dragon
 61133 | Depths:3 | Killed a golden dragon
 61315 | Depths:3 | Found a runed door.
 61318 | Depths:3 | Found a runed door.
 61339 | Depths:3 | Identified the +6 fustibalus of Ambiguity {venom, rF+ rC-
                  | Str+4 SInv}
 61360 | Depths:3 | Reached XP level 23. HP: 192/211 MP: 36/36
 61582 | Depths:3 | Reached skill level 15 in Dodging
 61960 | Depths:3 | Gained mutation: Your body has grown golden eyes which may
                  | confuse attackers. (Acc +3) [Jiyva's grace]
 62559 | Depths:4 | Noticed a caustic shrike
 62561 | Depths:4 | Noticed a caustic shrike
 62562 | Depths:4 | Noticed a caustic shrike
 62562 | Depths:4 | Noticed a caustic shrike
 62574 | Depths:4 | Killed a caustic shrike
 62576 | Depths:4 | Slimified a caustic shrike
 62576 | Depths:4 | a caustic shrike changed into an azure jelly
 62579 | Depths:4 | Slimified a caustic shrike
 62579 | Depths:4 | a caustic shrike changed into an acid blob
 62583 | Depths:4 | Slimified a caustic shrike
 62583 | Depths:4 | a caustic shrike changed into an azure jelly
 62783 | Depths:4 | Found Tyturad's Jewellery Shop.
 62783 | Depths:4 | Found Feuxat's Gadget Shoppe.
 62784 | Depths:4 | Found Seucuc's Gadget Shoppe.
 62790 | Depths:4 | Bought a wand of acid (6) for 210 gold pieces
 62794 | Depths:4 | Bought a box of beasts for 460 gold pieces
 62794 | Depths:4 | Bought a box of beasts for 460 gold pieces
 63168 | Depths:4 | Noticed an ancient lich
 63178 | Depths:4 | Killed an ancient lich
 63322 | Depths:4 | Noticed a golden dragon
 63364 | Depths:4 | Killed a golden dragon
 63364 | Depths:4 | Gained mutation: Your rubbery body absorbs attacks. (AC +1,
                  | EV +1) [Jiyva's grace]
 63381 | Depths:4 | Hit by a large rock thrown by a stone giant

Skill      XL: |  1  2  3  4  5  6  7  8  9 10 11 12 13 14 15 16 17 18 19 20 21 22 23 |
---------------+----------------------------------------------------------------------+-----
Stealth        | 1 |  1.0
Long Blades    | 4 6 9 11 13 14 15 16 | 16.0
Fighting       | 4 5 8 10 13 15 20 | 20.0
Throwing       | 2 |  2.0
Slings         | 1 |  1.4
Crossbows      | 1 2 5 7 9 10 13 | 13.0
Dodging        | 3 4 6 10 12 14 15 | 15.0
Evocations     | 3 5 6 7 10 14 15 | 15.0
Invocations    | 2 5 10 14 15 17 19 20 | 20.0
Shields        | 6 8 9 14 16 | 16.0
Short Blades   | 9 |  9.8

Action                   |  1- 3 |  4- 6 |  7- 9 | 10-12 | 13-15 | 16-18 | 19-21 | 22-24 || total
-------------------------+-------+-------+-------+-------+-------+-------+-------+-------++-------
Melee: Long sword        |    68 |   124 |    64 |    50 |       |       |       |       ||   306
       Tailslap          |     3 |    20 |     6 |     9 |   156 |   163 |   135 |    81 ||   573
       Scimitar          |       |       |       |    75 |   548 |       |       |       ||   623
       Bite              |       |       |       |    10 |   126 |   124 |   104 |    63 ||   427
       Double sword      |       |       |       |       |   356 |   818 |   720 |   410 ||  2304
       Rapier            |       |       |       |       |       |   161 |       |       ||   161
       Pseudopods        |       |       |       |       |       |       |   135 |   111 ||   246
 Fire: Hunting sling     |       |    70 |    28 |       |       |       |       |       ||    98
       Arbalest          |       |    20 |    44 |    18 |       |       |       |       ||    82
       Hand crossbow     |       |       |   143 |   350 |   186 |   305 |   580 |   235 ||  1799
       Blowgun           |       |       |       |       |       |     2 |    26 |     6 ||    34
Throw: Tomahawk          |     6 |     7 |     4 |     8 |    45 |   447 |    19 |     1 ||   537
       Stone             |       |     2 |       |       |       |       |       |       ||     2
       Throwing net      |       |       |       |       |       |       |     9 |     4 ||    13
Invok: Request Jelly     |       |       |       |     2 |       |       |       |       ||     2
       Slimify           |       |       |       |     1 |     5 |     2 |       |     3 ||    11
 Abil: Breathe Fire      |       |       |    31 |    49 |    61 |    71 |    96 |    31 ||   339
Evoke: Wand              |       |       |     1 |     2 |     4 |     8 |    14 |    12 ||    41
       Lamp of fire      |       |       |       |     2 |     2 |     2 |     3 |     2 ||    11
       Phantom mirror    |       |       |       |       |     1 |       |       |       ||     1
       Fan of gales      |       |       |       |       |       |     1 |     1 |       ||     2
       Phial of floods   |       |       |       |       |       |     1 |     1 |       ||     2
  Use: Scroll            |     2 |     5 |     4 |     4 |    23 |    13 |     2 |     1 ||    54
       Potion            |       |       |       |       |     2 |     5 |     1 |     2 ||    10
 Stab: Sleeping          |     6 |       |       |       |     7 |       |       |       ||    13
       Petrifying        |       |       |       |       |     1 |       |       |       ||     1
       Distracted        |       |       |       |       |     4 |     2 |     2 |       ||     8
       Invisible         |       |       |       |       |     5 |       |       |       ||     5
       Paralysed         |       |       |       |       |     1 |       |       |     6 ||     7
       Confused          |       |       |       |       |       |       |       |     3 ||     3
  Eat: Chunk             |     3 |    14 |    24 |    29 |    55 |    46 |    43 |    27 ||   241
       Ration            |       |       |     3 |     4 |     8 |    15 |    15 |     4 ||    49
Armor: Skin              |    13 |    58 |    78 |    81 |   251 |   257 |   199 |    95 ||  1032
Dodge: Dodged            |    42 |    68 |   115 |   152 |   322 |   425 |   343 |   279 ||  1746
Block: Other             |       |     2 |     3 |     4 |       |       |       |       ||     9
       Medium shield     |       |       |       |    29 |   860 |   920 |       |       ||  1809
       Reflection        |       |       |       |       |    49 |   136 |    66 |    28 ||   279
       Large shield      |       |       |       |       |       |   107 |  1395 |   813 ||  2315
